 Dungeon Crawl Stone Soup version 0.16-b1 (console) character file.

105 siepu the Chopper (level 4, 0/35 HPs)
             Began as a Demonspawn Wanderer on Mar 7, 2015.
             Slain by dysrexia's ghost (7 damage)
             ... on level 3 of the Dungeon.
             The game lasted 00:04:39 (2127 turns).

siepu the Chopper (Demonspawn Wanderer)             Turns: 2127, Time: 00:04:39

Health: 0/35       AC:  9    Str: 12    XL:     4   Next: 54%
Magic:  4/4        EV:  5    Int: 13    God:
Gold:   69         SH:  4    Dex: 14    Spells: 0 memorised, 3 levels left

rFire  . . .     SeeInvis .     a - +2 hand axe
rCold  . . .     Clarity  .     r - +0 chain mail (curse)
rNeg   . . .     SustAb   .     p - +0 buckler
rPois  .         Gourm    .     (no helmet)
rElec  .         Spirit   .     (no cloak)
rCorr  .         Warding  .     (no gloves)
rMut   .         Stasis   .     h - +0 pair of boots (curse)
MR     .....                    (no amulet)
Stlth  ..........               (no ring)
                                (no ring)

@: not resistant to hostile enchantments, extremely unstealthy
A: nightstalker 1
a: no special abilities


You were on level 3 of the Dungeon.
You were not hungry.

You visited 1 branch of the dungeon, and saw 3 of its levels.

You collected 69 gold pieces.

Inventory:

Hand weapons
 a - a +2 hand axe (weapon)
 d - a +0 dagger
Missiles
 g - 4 stones (quivered)
Armour
 b - a +0 ring mail
 h - a cursed +0 pair of boots (worn)
 p - a +0 buckler (worn)
 r - a cursed +0 chain mail (worn)
Scrolls
 c - 2 scrolls of teleportation
 e - a scroll of fog {unknown}
 n - 2 scrolls of remove curse {unknown}
 o - a scroll of recharging {unknown}
 q - a scroll of noise {unknown}
 t - a scroll of magic mapping {unknown}
 u - a scroll of immolation {unknown}
Potions
 l - a potion of cure mutation {unknown}
 m - a potion of might {unknown}
 v - a potion of berserk rage {unknown}
Comestibles
 f - 3 bread rations
 i - a beef jerky
 j - a royal jelly
 k - 3 meat rations
 s - 3 chunks of flesh


   Skills:
 - Level 3.0 Fighting
 - Level 1.0 Short Blades
 + Level 3.3 Axes
 - Level 1.5 Armour
 - Level 1.0 Dodging
 - Level 2.6 Stealth
 * Level 1.9 Shields


You had 3 spell levels left.
You didn't know any spells.

Dungeon Overview and Level Annotations

Branches:
Dungeon (3/15)

Altars:
Cheibriados
Sif Muna
The Shining One

Annotations:
D:3 dysrexia's ghost, average KoHu


Innate Abilities, Weirdness & Mutations

You are slightly more attuned to the shadows.


Message History

You feel something passing dangerously close to your head.
Dysrexia's ghost completely misses you.
You hit dysrexia's ghost but do no damage.
Dysrexia's ghost hits you.
Your chain mail prevents you from hitting dysrexia's ghost.
Dysrexia's ghost hits you!
You hit dysrexia's ghost but do no damage.
Dysrexia's ghost hits you.
You hit dysrexia's ghost.
Dysrexia's ghost is lightly damaged.
Dysrexia's ghost hits you but does no damage.
You hit dysrexia's ghost.
Dysrexia's ghost is moderately damaged.
Dysrexia's ghost shrieks, "You will never get the ORB!"
Dysrexia's ghost hits you.
* * * LOW HITPOINT WARNING * * *
There is a stone staircase leading up here.
Dysrexia's ghost ripples.
Dysrexia's ghost hits you!
You die...

#.#............#
#.........).##.#
####.#.#.####. .. #.#.#
#.### #.#.# #..#. .#
#.#.# #.#.#
...####.#.###.#.#
#..............#.#
#.....@W#....##.#######
##.....)####.(W...(...|
...###### ###..#######
## #.########
#†)....... #..#######
#..# #..# ...#


You could see dysrexia's ghost.

Vanquished Creatures
  An orc priest (D:3)
  2 adders (D:2)
  3 giant geckos
  An orc (D:2)
  5 bats
  A giant cockroach (D:3)
  8 goblins
  5 hobgoblins
  3 jackals (D:2)
  10 kobolds
  5 giant newts
  10 rats
54 creatures vanquished.

Notes
Turn   | Place    | Note
--------------------------------------------------------------
     0 | D:1      | siepu, the Demonspawn Wanderer, began the quest for the Orb.
     0 | D:1      | siepu set off with: a +2 hand axe, a +0 ring mail, a scroll of teleportation, a +0 dagger, a bread ration
     0 | D:1      | Reached XP level 1. HP: 18/18 MP: 1/1
   201 | D:1      | Gained mutation: You are slightly more attuned to the shadows. [demonic ancestry]
   201 | D:1      | Reached XP level 2. HP: 12/24 MP: 2/2
   207 | D:1      | Reached skill level 1 in Armour
   962 | D:2      | Found a glowing golden altar of the Shining One.
  1050 | D:2      | Reached XP level 3. HP: 29/29 MP: 3/3
  1075 | D:2      | Found a snail-covered altar of Cheibriados.
  1276 | D:2      | Reached skill level 1 in Shields
  1693 | D:2      | Found a deep blue altar of Sif Muna.
  1952 | D:3      | Reached XP level 4. HP: 31/35 MP: 4/4
  2077 | D:3      | Noticed dysrexia's ghost (average KoHu)
  2127 | D:3      | Slain by dysrexia's ghost

Action                   |  1- 3 |  4- 6 || total
-------------------------+-------+-------++-------
Melee: Hand axe          |   132 |    33 ||   165
 Stab: Sleeping          |     6 |       ||     6
  Eat: Chunk             |     3 |     1 ||     4
